Map: Lerilak Crest

Players

IIIIIIIIIIII - Winner!

  • Race: Terran Terran

Sacrilege

  • Race: Zerg Zerg
  • League: Grandmaster

VOD

Have the link to the VOD?

Description

My game plan was to bane bust my opponent he does the following...

-Does not scout at any point during the game. He doesn't scan or set foot out of his natural.
-Waits to CC first until my hatch has been thrown down
-Builds a second bunker at the top of his main ramp in a defensive walling position with no knowledge of what is going on (soon done after my bane nest has been thrown down)
-Continues to produce marines and rally them into bunkers instead of making a reactor.
-Once my ling speed is near completion, he pulls back all his workers from his natural, brings all his marines back into his main, throws down a third bunker preemptively, salvages his first bunker in the natural, and walls with a third CC.
-The first time he sees my lings he immediately lifts his natural, he has seen absolutely nothing until this point.

Honestly, I don't think the rest of the replay needs to be gone over to prove he was hacking.

Time

  • Played on: Jan. 5, 2016, 1:04 p.m.
  • Length: 14:21
Show
View Real Time Build Order
Export as new Build Order

IIIIIIIIIIII Terran - Winner!

Build Orders: Command Center First (CC), Bio Tank, MMM Bio 

Get SALT Encoding   

  12  0:01  SCV  
  13  0:13  SCV  
  14  0:17  Supply Depot  
  14  0:25  SCV  
  15  0:39  SCV  
  16  0:51  SCV  
  17  1:03  Command Center  
  17  1:07  Refinery  
  17  1:10  SCV  
  18  1:21  Barracks  
  18  1:24  SCV  
  19  1:36  SCV  
  20  1:48  SCV  
  21  2:01  SCV  
  22  2:08  Marine  
  22  2:12  Bunker  
  22  2:15  Orbital Command  
  23  2:18  Factory, Orbital Command  
  23  2:27  Marine  
  24  2:41  SCV  
  24  2:42  Bunker  
  25  2:47  SCV  
  25  2:49  Marine  
  27  3:00  SCV  
  27  3:01  SCV  
  27  3:05  Command Center  
  29  3:09  Marine  
  29  3:10  Factory Reactor  
  30  3:17  SCV x2  
  32  3:20  Supply Depot  
  32  3:25  Bunker  
  32  3:28  Marine, Orbital Command  
  32  3:29  SCV  
  34  3:46  Supply Depot  
  34  3:47  Hellion  
  34  3:48  Hellion, Marine  
  39  3:50  Supply Depot  
  39  4:07  Marine  
  39  4:09  Hellion x2  
  44  4:10  Supply Depot  
  44  4:11  SCV x2  
  44  4:16  Refinery  
  46  4:19  Orbital Command  
  46  4:26  Barracks Tech Lab  
  46  4:28  Engineering Bay  
  46  4:32  Hellion x2  
  46  4:33  Engineering Bay  
  46  4:34  SCV  
  51  4:38  Orbital Command  
  51  4:42  Orbital Command  
  51  4:55  Supply Depot, Hellion x2, Marine  
  51  4:56  Stimpack  
  51  4:57  SCV  
  57  5:08  SCV x2  
  57  5:09  SCV  
  57  5:11  Terran Infantry Weapons Level 1, Starport  
  57  5:12  Terran Infantry Armor Level 1  
  56  5:21  SCV x3  
  58  5:33  SCV x3  
  61  5:40  Refinery, Marine  
  61  5:42  Supply Depot  
  62  5:44  Factory Tech Lab, Refinery  
  62  5:45  SCV x2  
  64  5:57  SCV  
  64  5:58  Marauder  
  64  6:00  Medivac  
  68  6:04  Barracks  
  68  6:05  Barracks  
  68  6:06  SCV  
  68  6:17  SCV x2  
  68  6:18  SCV  
  70  6:21  Supply Depot  
  70  6:23  Supply Depot  
  70  6:25  Armory  
  70  6:29  SCV  
  70  6:30  SCV  
  70  6:31  SCV  
  73  6:32  Medivac  
  73  6:36  Siege Tank  
  78  6:41  SCV  
  78  6:42  SCV  
  78  6:45  SCV  
  81  6:48  Refinery  
  81  6:55  SCV x2  
  81  6:57  SCV, Refinery, Supply Depot  
  81  6:59  Supply Depot  
  81  7:00  Barracks Reactor, Marine  
  81  7:01  Refinery, Marine  
  86  7:02  Marauder  
  86  7:04  Combat Shields  
  86  7:07  SCV, Starport Reactor  
  89  7:11  SCV  
  89  7:14  Siege Tank  
  93  7:17  SCV  
  92  7:32  Marauder, Marine x2  
  92  7:34  SCV x2  
  92  7:35  SCV  
  99  7:38  Supply Depot  
  99  7:39  Supply Depot, Terran Infantry Weapons Level 2  
  99  7:40  Terran Infantry Armor Level 2  
  99  7:41  Marine x2  
  99  7:42  Supply Depot  
  101  7:48  Barracks  
  101  7:49  SCV x2, Marine  
  101  7:50  SCV, Barracks, Marine  
  106  7:52  Siege Tank, Marine  
  110  7:58  Marine  
  110  7:59  Supply Depot  
  110  8:00  Supply Depot  
  111  8:06  Medivac x2  
  111  8:08  Marine  
  116  8:20  Marauder, Marine x2  
  116  8:21  Marine  
  116  8:26  Supply Depot  
  121  8:27  Supply Depot, Barracks  
  121  8:32  Command Center  
  124  8:34  Siege Tank  
  124  8:36  Marine  
  124  8:38  Barracks Reactor, Marine  
  124  8:40  Barracks Reactor x2  
  126  8:45  Concussive Shells  
  126  8:46  Medivac x2  
  130  9:04  Marauder, Marine x3  
  130  9:05  Marine  
  130  9:09  Bunker  
  136  9:13  Bunker  
  136  9:17  Marine  
  136  9:18  Barracks Tech Lab  
  136  9:23  Barracks  
  137  9:24  Barracks  
  135  9:37  Siege Tank  
  135  9:38  Marine x7, Marauder x2  
  143  9:39  Medivac x2  
  120  9:57  Marine  
  120  9:58  Marine x7  
  120  9:59  Marauder x2  
  102  10:12  Supply Depot  
  99  10:14  Terran Infantry Weapons Level 3  
  99  10:15  Medivac, Terran Infantry Armor Level 3, Marine x3  
  99  10:16  Medivac, Marine x3  
  99  10:20  Marauder  
  110  10:25  Marine x2, Marauder  
  110  10:27  Barracks Tech Lab  
  110  10:28  Barracks Tech Lab  
  114  10:33  Marine x2  
  116  10:42  Marauder  
  118  10:46  Marauder  
  105  10:57  Marine x7, Marauder x2  
  105  11:03  Marauder, Medivac  
  114  11:07  Marauder  
  113  11:15  Marine  
  113  11:16  Marine  
  116  11:18  Marauder x2  
  116  11:25  Marauder  
  115  11:29  Marauder  
  115  11:32  Marine x2  
  119  11:33  Marine  
  122  11:40  Marauder  
  122  11:44  Marauder  
  122  11:46  Marauder  
  120  12:10  Marauder x2, Marine x5  
  120  12:11  Marine x5  
  122  12:25  Ghost Academy  
  122  12:27  Marine  
  122  12:28  Marine x2  
  122  12:29  Marauder x2, Marine x2  
  129  12:31  Marauder x2  
  133  12:38  Marine x2  
  133  12:39  Orbital Command  
  131  12:48  Marine x3  
  131  12:50  Marauder x2  
  135  12:52  Marauder  
  135  12:53  Marauder  
  135  12:54  SCV  
  135  12:57  SCV  
  134  13:06  SCV  
  134  13:09  SCV  
  134  13:10  Marine x3  
  134  13:12  Marauder x2  
  136  13:13  Ghost  
  136  13:14  Marauder  
  136  13:15  Orbital Command  
  136  13:18  SCV, Marine  
  142  13:22  SCV  
  135  13:36  Marauder x2  
  123  13:45  Planetary Fortress  
  123  13:59  SCV x2  
  127  14:05  SCV  
Show
View Real Time Build Order
Export as new Build Order

Sacrilege Zerg 

Build Orders: Hatch First 

Get SALT Encoding   

  12  0:02  Drone  
  13  0:12  Overlord  
  13  0:17  Drone  
  14  0:30  Drone  
  14  0:31  Drone  
  14  0:34  Drone  
  17  0:52  Hatchery  
  17  0:55  Drone  
  17  0:58  Drone  
  17  1:01  Extractor  
  17  1:14  Spawning Pool  
  17  1:18  Drone  
  17  1:20  Drone  
  18  1:28  Drone  
  19  1:41  Overlord  
  19  2:01  Queen  
  19  2:02  Metabolic Boost  
  19  2:04  Queen  
  19  2:06  Zergling x4  
  25  2:09  Zergling x2  
  26  2:19  Zergling x4  
  28  2:25  Baneling Nest  
  27  2:32  Overlord  
  27  2:33  Zergling x2  
  27  2:36  Zergling x2  
  29  2:43  Zergling x4  
  31  2:47  Zergling x2  
  32  2:55  Zergling x2  
  33  2:59  Zergling x2  
  34  3:10  Zergling x10  
  39  3:16  Zergling x2  
  39  3:17  Zergling x2  
  41  3:29  Baneling  
  41  3:30  Baneling x6  
  41  3:34  Zergling x2  
  41  3:44  Drone x2  
  38  4:02  Drone  
  38  4:03  Drone x5  
  43  4:28  Lair  
  43  4:31  Hatchery  
  42  4:39  Drone  
  42  4:40  Overlord  
  43  4:45  Roach Warren  
  42  4:55  Drone  
  43  5:05  Drone  
  43  5:06  Overlord  
  43  5:09  Drone, Extractor  
  43  5:10  Drone x6  
  49  5:15  Zergling x4  
  40  5:23  Overlord  
  41  5:28  Roach x2  
  41  5:32  Glial Reconstitution  
  43  5:37  Roach x2  
  47  5:43  Extractor  
  47  5:45  Drone  
  47  5:46  Drone x3  
  50  5:51  Drone x2  
  50  5:56  Drone x3  
  54  6:04  Drone  
  54  6:07  Roach  
  54  6:08  Roach x2  
  54  6:10  Roach  
  63  6:13  Roach  
  64  6:23  Queen  
  64  6:24  Overlord  
  66  6:29  Evolution Chamber  
  65  6:33  Overseer  
  65  6:37  Overlord  
  65  6:43  Ravager  
  65  6:44  Ravager x3  
  65  6:45  Drone  
  65  6:46  Drone x4  
  74  6:54  Overlord x2  
  74  6:55  Zerg Missile Weapons Level 1  
  74  7:03  Baneling Nest  
  74  7:04  Drone, Overlord  
  74  7:13  Drone x2  
  74  7:14  Drone x2, Extractor  
  74  7:15  Roach  
  79  7:16  Roach x3  
  79  7:20  Drone x2  
  79  7:22  Drone x2  
  89  7:30  Roach x3  
  89  7:31  Roach  
  89  7:36  Overlord  
  97  7:48  Drone  
  97  7:49  Overlord  
  97  7:50  Overlord  
  98  7:51  Centrifical Hooks  
  98  7:55  Ravager  
  98  7:57  Roach  
  101  7:59  Drone, Roach  
  101  8:00  Drone x2  
  106  8:08  Roach x2  
  106  8:09  Roach  
  112  8:13  Roach x2  
  112  8:16  Hatchery  
  115  8:20  Extractor x2  
  115  8:22  Infestation Pit  
  115  8:24  Roach, Zergling x2  
  115  8:25  Zergling x6  
  118  8:27  Roach  
  118  8:32  Drone x2  
  122  8:38  Overlord  
  122  8:46  Overlord  
  122  8:51  Baneling x2  
  122  8:53  Baneling x6  
  122  8:55  Overlord  
  122  9:00  Drone x4  
  122  9:01  Hive  
  126  9:04  Zerg Ground Armor Level 1  
  126  9:05  Evolution Chamber, Zergling x2  
  126  9:09  Zergling x2  
  127  9:10  Zergling x2  
  127  9:11  Zergling x2  
  127  9:15  Zergling x6  
  127  9:16  Zergling x2  
  133  9:17  Ravager  
  133  9:18  Ravager  
  133  9:19  Ravager  
  137  9:24  Drone x3  
  137  9:30  Roach  
  137  9:31  Roach x2  
  139  9:35  Roach x2  
  139  9:39  Baneling x3  
  133  9:48  Roach  
  133  9:49  Roach x5  
  129  9:56  Roach x3  
  129  9:58  Roach  
  120  10:02  Roach x3  
  120  10:06  Roach  
  120  10:07  Roach  
  116  10:11  Roach  
  116  10:12  Roach x3  
  119  10:16  Roach  
  119  10:20  Roach x2  
  125  10:22  Ravager x3  
  125  10:25  Drone x3  
  125  10:26  Extractor x2  
  125  10:28  Roach  
  131  10:29  Ravager  
  131  10:31  Zergling x2  
  129  10:45  Roach x4  
  129  10:46  Roach x5  
  125  10:51  Roach x3  
  125  10:53  Roach  
  125  10:54  Roach  
  113  11:00  Roach  
  113  11:01  Roach x2  
  107  11:04  Roach  
  107  11:05  Roach  
  105  11:18  Roach x6  
  105  11:19  Roach  
  105  11:21  Roach  
  105  11:23  Drone x2  
  118  11:27  Queen  
  120  11:42  Drone x2  
  120  11:43  Drone x2  
  121  11:48  Roach  
  121  11:51  Spawning Pool  
  108  11:58  Zergling x4  
  108  11:59  Zergling x18  
  108  12:00  Ultralisk Cavern  
  116  12:08  Drone  
  116  12:09  Drone x3  
  113  12:26  Roach x7  
  123  12:33  Extractor  
  116  12:39  Zergling x6  
  116  12:43  Ravager  
  116  12:44  Ravager x6  
  99  13:01  Zergling x12  
  100  13:18  Drone x4  
  100  13:19  Drone x4  
  100  13:34  Baneling x5  
  100  13:35  Baneling x6  
  92  13:42  Drone x2  
  94  13:52  Zergling x2  
  94  13:53  Zergling x6  
  98  13:56  Baneling  
  98  13:57  Baneling x2  
  98  14:02  Ravager x2  
Tags
 
Add a new tag
Caveats
  • Supply blocks, unpowered buildings, or Contaminate may cause inaccurate times.
  • Supply counts are checked every 10 seconds.